 Dungeon Crawl Stone Soup version 0.24.0-123-gd5b16e6ec5 (webtiles) character file.

Game seed: 10238470732412937682, levelgen mode: deterministic

18 FishyPogo the Grave Robber (level 2, -1/20 HPs)
             Began as a Mummy Necromancer on Jan 2, 2020.
             Slain by a jackal (3 damage)
             ... on level 1 of the Dungeon.
             The game lasted 00:02:21 (318 turns).

FishyPogo the Grave Robber (Mummy Necromancer)       Turns: 318, Time: 00:02:21

Health: -1/20      AC:  2    Str: 11    XL:     2   Next: 51%
Magic:  0/6        EV: 12    Int: 14    God:
Gold:   18         SH:  3    Dex: 12    Spells: 5/7 levels left

rFire    x . .     SeeInvis .   a - +0 spear
rCold    + . .     Gourm    .   (no shield)
rNeg     + + +     Faith    .   h - +0 robe
rPois    ∞         Spirit   .   (no helmet)
rElec    .         Reflect  +   (no cloak)
rCorr    .         Harm     .   (no gloves)
MR       .....                  (no boots)
Stlth    ++........             c - +3 amulet of reflection
HPRegen  0.06/turn              (no ring)
MPRegen  0.10/turn              (no ring)

@: no status effects
A: no food or potions, fire vulnerability, cold resistance 1, negative energy
resistance 3, torment resistance, unbreathing
a: no special abilities


You were on level 1 of the Dungeon.
You were not hungry.

You visited 1 branch of the dungeon, and saw 1 of its levels.

You collected 18 gold pieces.

Inventory:

Hand Weapons
 a - a +0 spear (weapon)
Missiles
 d - 3 stones (quivered)
Armour
 h - a +0 robe (worn)
Jewellery
 c - a +3 amulet of reflection (around neck)
Scrolls
 e - a scroll of fear {unknown}
Comestibles
 b - 2 rations
 g - 4 chunks of flesh


   Skills:
 + Level 0.9 Fighting
 + Level 1.8 Dodging
 - Level 1.5 Stealth
 * Level 3.4 Spellcasting
 - Level 4.0 Necromancy


You had 5 spell levels left.
You knew the following spells:

 Your Spells              Type           Power        Failure   Level  Hunger
a - Pain                  Necr           ##..         4%          1    N/A
y - Animate Skeleton      Necr           N/A          4%          1    N/A

Your spell library contained the following spells:

 Spells                   Type           Power        Failure   Level  Hunger
 Vampiric Draining        Necr           ##........   12%         3    N/A
 Animate Dead             Necr           N/A          36%         4    N/A
 Regeneration             Chrm/Necr      Unusable     N/A         3    N/A

Dungeon Overview and Level Annotations

Branches:
Dungeon (1/15)

Altars:


Innate Abilities, Weirdness & Mutations

You do not eat or drink.
Your flesh is vulnerable to fire.
You are immune to poison.
Your flesh is cold resistant. (rC+)
You are immune to negative energy. (rN+++)
You are immune to unholy pain and torment.
You can survive without breathing.


Message History

You hit the jackal.
You kill the jackal!
The jackal closely misses you.
You barely miss the jackal. The jackal barely misses you. x2
Casting: Pain (safe; 4% risk of failure)
Confirm with . or Enter, or press ? or * to list all spells.
Aiming: Pain (safe; 4% risk of failure)
Press: ? - help, Shift-Dir - straight line, f - jackal
Aim: a jackal (chance to defeat MR: 83%)
The jackal barely resists.
The jackal bites you.
You hit the jackal but do no damage. The jackal barely misses you.
You block the jackal's attack.
Your magical contamination has completely faded away.
You barely miss the jackal. The jackal barely misses you.
You hit the jackal but do no damage. The jackal bites you.
* * * LOW HITPOINT WARNING * * *
The jackal bites you.
* * * LOW HITPOINT WARNING * * *
You miss the jackal. The jackal bites you.
You die...

#...(...h......
#.8.#
##...........?.
##.#.
#.....h.......
####
#...)#########
####.
#....†...#
##.#.#
#........#
#.8.##
##......).#
##.#.#
#.....).†h#
####.
#........@# ##
#.........# #
#.........# ##
#.........# ##.
#......)..#
####.#
#.........#
##.#.##
#....(....#
#.8.##
#...#######
##.#.## #...
####.#


You could see a jackal.

Vanquished Creatures
  A leopard gecko (D:1)
  2 bats (D:1)
  2 goblins (D:1)
  2 hobgoblins (D:1)
  3 jackals (D:1)
  3 kobolds (D:1)
  A rat (D:1)
14 creatures vanquished.

Notes
Turn   | Place    | Note
-------+----------+-------------------------------------------
     0 | D:1      | FishyPogo the Mummy Necromancer began the quest for the
                  | Orb.
     0 | D:1      | Reached XP level 1. HP: 13/13 MP: 4/4
    41 | D:1      | Learned a level 1 spell: Animate Skeleton
   169 | D:1      | Reached XP level 2. HP: 12/20 MP: 1/6
   318 | D:1      | Slain by a jackal

Levels and vault maps discovered:
D:1:      nagdon_arrival_zigzag_paths, layout_basic, st_stairs_14

Skill      XL: |  1 |
---------------+----+-----
Spellcasting   | 3 |  3.4
Fighting       | |  0.9
Dodging        | |  1.8
Stealth        | |  1.5
Necromancy     | |  4.0

Action                   || total
-------------------------++-------
Melee: Whip              ||     5
       Spear             ||    13
Throw: Stone             ||     2
 Cast: Pain              ||    21
       Animate Skeleton  ||     1
Armor: Robe              ||     1
Dodge: Dodged            ||    19
Block: Other             ||     3
